AoeStats
← _The_Lion

Socotra

504136064Analyzed
4v4 RM · 1mo ago on Sep 4, 2026· 30m 35s· 8 players
Game mode
Random Map
Map size
148×148
Population
200
Speed
Normal
Resources
Standard
Victory
Conquest
Starting age
Dark Age
Ending age
Imperial Age
RankedLock teamsTeams togetherTeam positionsShared explorationLock speedFull tech treeHidden civsTurbo modeCheats
Victory
Defeat
🇲🇽 Maya · Mexico
1628
+10
🇨🇱 Shu · Chile
1503
+15
🇨🇱 Slavs · Chile
1498
+15
🇨🇱 Huns · Chile
1411
+20
🇨🇦 Khmer · Canada
1519
-16
🇨🇦 Vietnamese · Canada
1501
-16
🇦🇺 Slavs · Australia
1492
-15
🇻🇪 Goths · Venezuela
1434
-13
Phenytoin
5:40 Loom
9:04 Feudal Age
9:41 Double-Bit Axe
13:35 Horse Collar
17:02 Scale Barding Armor
18:27 Forging
19:07 Bloodlines
23:01 Gold Mining
25:58 Castle Age
26:00 Light Cavalry
27:05 Chain Barding Armor
T1m
8:50 Feudal Age
7:07 Loom
9:42 Double-Bit Axe
9:39 Horse Collar
14:55 Forging
15:55 Scale Barding Armor
17:40 Bloodlines
22:28 Castle Age
21:46 Gold Mining
22:40 Light Cavalry
23:42 Chain Barding Armor
23:58 Iron Casting
27:05 Husbandry
29:50 Wheelbarrow
_The_Lion
0:50 Loom
10:15 Feudal Age
14:15 Fletching
15:12 Padded Archer Armor
23:03 Double-Bit Axe
26:41 Castle Age
25:21 Gold Mining
26:04 Horse Collar
26:42 Crossbowman
27:31 Bodkin Arrow
28:49 Ballistics
30:23 Thumb Ring
Todas Mienten
1:20 Loom
16:54 Feudal Age
17:00 Man-at-Arms
19:41 Double-Bit Axe
20:42 Town Watch
22:23 Scale Mail Armor
23:23 Fletching
24:08 Padded Archer Armor
AiM | CyclopsTron
0:26 Loom
11:10 Feudal Age
15:17 Fletching
19:30 Padded Archer Armor
29:04 Castle Age
28:06 Gold Mining
29:41 Bodkin Arrow
29:12 Crossbowman
AiM | Walter Quiver
6:30 Loom
8:40 Feudal Age
9:41 Double-Bit Axe
9:51 Horse Collar
15:37 Scale Barding Armor
16:34 Forging
17:34 Bloodlines
25:34 Castle Age
25:03 Gold Mining
26:39 Chain Barding Armor
25:50 Light Cavalry
AiM | Kadrexgg
7:05 Loom
9:17 Feudal Age
13:47 Fletching
15:46 Padded Archer Armor
22:57 Castle Age
22:57 Crossbowman
23:34 Bodkin Arrow
23:32 Gold Mining
24:31 Double-Bit Axe
25:33 Leather Archer Armor
26:06 Thumb Ring
29:14 Ballistics
AiM | Shuffle
6:07 Loom
8:37 Feudal Age
9:36 Double-Bit Axe
9:53 Horse Collar
16:49 Bloodlines
16:59 Scale Barding Armor
19:06 Forging
22:49 Wheelbarrow
25:37 Castle Age
24:59 Gold Mining
26:01 Light Cavalry
26:42 Husbandry
27:06 Chain Barding Armor
27:06 Bow Saw
28:10 Iron Casting
29:21 Husbandry
30:16 Heavy Plow
Connection lost

Rejoining the realm…

Still unreachable

The connection could not be restored.

Session expired

The server has moved on; the page needs a fresh start.